 Dungeon Crawl Stone Soup version 0.28.0-53-g5a82cb258f (webtiles) character file.

Game seed: 5015841526283899062

53 Jerry the Chiller (level 3, 0/27 HPs)
             Began as a Demigod Ice Elementalist on June 23, 2022.
             Slain by an adder (4 damage)
             ... on level 2 of the Dungeon.
             The game lasted 00:06:40 (1978 turns).

Jerry the Chiller (Demigod Ice Elementalist)        Turns: 1978, Time: 00:06:41

Health: 0/27       AC:  2    Str: 13    XL:     3   Next: 42%
Magic:  8/8        EV: 12    Int: 17    God:
Gold:   34         SH:  0    Dex: 14    Spells: 5/6 levels left

rFire   + . .      SeeInvis .   g - +2 battleaxe (freeze)
rCold   . . .      Faith    .   (shield currently unavailable)
rNeg    . . .      Spirit   .   a - +0 robe
rPois   .          Reflect  .   (no helmet)
rElec   .          Harm     .   (no cloak)
rCorr   .          Rampage  .   (no gloves)
Will    .....                   (no boots)
Stlth   ++........              (no amulet)
HPRegen 0.09/turn               h - ring of protection from fire
MPRegen 0.11/turn               j - ring of wizardry

@: lethally poisoned (0 -> -2)
A: high MP 1, forlorn, divine attributes
a: no special abilities


You were on level 2 of the Dungeon.
You visited 1 branch of the dungeon, and saw 2 of its levels.

You collected 34 gold pieces.

Inventory:

Hand Weapons
 b - a +0 short sword
 c - a +0 hunting sling
 g - a +2 battleaxe of freezing (weapon)
Missiles
 e - 64 stones
Armour
 a - a +0 robe (worn)
 l - a +0 plate armour
Jewellery
 h - a ring of protection from fire (left hand)
 j - a ring of wizardry (right hand)
Scrolls
 d - 2 scrolls of identify {unknown}
 f - 2 scrolls of silence {unknown}
 i - a scroll of blinking {unknown}
 k - a scroll of acquirement {unknown}
 n - a scroll of teleportation {unknown}
Potions
 m - a potion of curing {unknown}


   Skills:
 + Level 0.5 Fighting
 * Level 1.0 Axes
 + Level 1.4 Armour
 - Level 1.7 Dodging
 - Level 1.7 Stealth
 - Level 2.2 Spellcasting
 - Level 3.9 Ice Magic


You had 5 spell levels left.
You knew the following spells:

 Your Spells              Type           Power      Damage    Failure   Level
a - Freeze                Ice            60%        1d8       1%          1

Your spell library contained the following spells:

 Spells                   Type           Power      Damage    Failure   Level
 Frozen Ramparts          Ice            30%        1d5       4%          3
 Ozocubu's Armour         Ice            15%        N/A       4%          3
 Hailstorm                Conj/Ice       8%         3d4       32%         4


Dungeon Overview and Level Annotations

Branches:
Dungeon (2/15)


Innate Abilities, Weirdness & Mutations

You have an increased reservoir of magic. (+10% MP)
You shall have no god before yourself.
Your divine heritage dramatically boosts your attributes as you level up.


Message History

You are poisoned.
The adder poisons you!
You barely miss the adder.
The adder is severely wounded.
You feel sick. The adder barely misses you. The adder completely misses you.
You barely miss the adder.
The adder is severely wounded.
You feel sick. The adder bites you. x2
You are more poisoned.
The adder poisons you! The adder closely misses you.
You miss the adder.
The adder is severely wounded.
You feel sick. The adder bites you but does no damage. The adder bites you.
You are too injured to fight recklessly!
You are too injured to fight recklessly!
You are too injured to fight recklessly!
You are too injured to fight recklessly!
You are too injured to fight recklessly!
You are too injured to fight recklessly!
You are too injured to fight recklessly!
You are too injured to fight recklessly!
You are too injured to fight recklessly!
You are too injured to fight recklessly!
You are too injured to fight recklessly!
You are too injured to fight recklessly!
You are too injured to fight recklessly!
You are too injured to fight recklessly!
You are too injured to fight recklessly!
You are too injured to fight recklessly!
You are too injured to fight recklessly!
You are too injured to fight recklessly!
You closely miss the adder.
The adder is severely wounded.
You feel sick. The adder bites you.
* * * LOW HITPOINT WARNING * * *
The adder barely misses you.
You miss the adder.
The adder is severely wounded.
You feel sick. The adder barely misses you. The adder bites you.
You die...

..####.. #.#.# #.. #.#.# ##..
#########>#.# #.#. # ......
....#####.. #. ....
........... #.## ..#
##.#######.. ###
##...##.###..# #.. ..#
#....@..##...## #.. #.#
#...S#.....#..## #.. #.#
#..##.###.#.##.## #.) #.# ##.
#.♣ ##.♣.##.####.. #.#
###.####.# ##.####...... #.#
###...#.###.# ♣###.#..###.
##.####....#.⌠.###.⌠ #.⌠.#.#
........##..#.#.###.###♣#.#..#
#.#########.####.###.#.####.##


You could see an adder.

Vanquished Creatures
  An adder (D:2)
  A dart slug (D:1)
  5 ball pythons
  2 endoplasms (D:1)
  A giant cockroach (D:1)
  5 goblins (D:1)
  4 hobgoblins
  4 jackals
  5 kobolds
  4 bats (D:1)
  3 frilled lizards (D:1)
  5 rats
40 creatures vanquished.

Vanquished Creatures (others)
  6 plants (D:1)
6 creatures vanquished.

Grand Total: 46 creatures vanquished

Notes
Turn   | Place    | Note
-------+----------+-------------------------------------------
     0 | D:1      | Jerry the Demigod Ice Elementalist began the quest for the
                  | Orb.
     0 | D:1      | Reached XP level 1. HP: 14/14 MP: 5/5
   530 | D:1      | Reached XP level 2. HP: 16/20 MP: 2/7
   634 | D:1      | Reached skill level 1 in Armour
   832 | D:1      | You fall into a shaft and drop 1 floor!
  1124 | D:1      | Reached XP level 3. HP: 23/26 MP: 8/8
  1754 | D:2      | Reached skill level 1 in Axes
  1978 | D:2      | Slain by an adder

Illustrated notes

Levels and vault maps discovered:
D:1:      lightli_arrival_isolated_outpost, layout_basic, serial_bayou_ford_a,
          minmay_three_crescents
D:2:      layout_loops_ring, grunt_decor_mini_mirrors

Skill      XL: |  1  2  3 |
---------------+----------+-----
Spellcasting   | 2 |  2.2
Armour         | 1 |  1.4
Axes           | 1 |  1.0
Fighting       | |  0.5
Dodging        | |  1.7
Stealth        | |  1.7
Ice Magic      | |  3.9

Action                   || total
-------------------------++-------
Melee: Unarmed           ||     4
       Battleaxe         ||    62
 Cast: Freeze            ||    25
 Stab: Sleeping          ||     4
       Distracted        ||     1
Armor: Robe              ||    20
Dodge: Dodged            ||    77
